 Dungeon Crawl Stone Soup version 0.31.0-12-g77e489cdc1 (webtiles) character file.

Game seed: 1867838469579723007

393 sking99 the Apothecary (level 6, 0/52 HPs)
             Began as a Deep Elf Alchemist on Feb 20, 2024.
             Slain by an iguana (6 damage)
             ... on level 5 of the Dungeon.
             The game lasted 00:16:54 (5589 turns).

sking99 the Apothecary (Deep Elf Alchemist)         Turns: 5589, Time: 00:16:55

Health: 0/52       AC: 23    Str:  7    XL:     6   Next: 51%
Magic:  0/14       EV:  2    Int: 26    God:
Gold:   211        SH:  0    Dex: 21    Spells: 7/13 levels left

rFire   + . .        g - +1 whip
rCold   . . .        (no shield)
rNeg    + . .        a - melded +0 robe
rPois   +            (helmet currently unavailable)
rElec   .            (cloak currently unavailable)
rCorr   .            (gloves currently unavailable)
SInv    .            f - melded +0 pair of boots
Will    .....        (no amulet)
Stlth   +++          c - +6 ring of dexterity
HPRegen 0.28/turn    w - ring "Obigh" {rF+ rN+ Int+6 Slay+5}
MPRegen 0.14/turn

%: no passive effects
@: tree-form
A: stationary, stasis, torment immunity, boosted hp
a: no special abilities


You were on level 5 of the Dungeon.
You were a tree.
You visited 1 branch of the dungeon, and saw 5 of its levels.

You collected 211 gold pieces.

Inventory:

Hand Weapons
 g - a +1 whip (weapon)
Armour
 a - a +0 robe (melded)
 f - a +0 pair of boots (melded)
 u - a +0 leather armour
Jewellery
 c - a +6 ring of dexterity (left branch)
 l - a ring of resist corrosion
 m - a ring of willpower
 q - a ring of flight
 v - a ring of protection from fire
 w - the ring "Obigh" (right branch) {rF+ rN+ Int+6 Slay+5}
   (You found it on level 4 of the Dungeon)

   [ring of intelligence]

   Int+6:     It affects your intelligence (+6).
   Slay+5:    It affects your accuracy & damage with ranged weapons and melee
   (+5).
   rF+:       It protects you from fire.
   rN+:       It protects you from negative energy.
 x - an amulet of faith
Wands
 y - a wand of acid (9)
Scrolls
 e - 2 scrolls of amnesia
 h - a scroll of revelation
 j - a scroll of immolation
 n - a scroll of fog
 r - a scroll of blinking {unknown}
 A - a scroll of identify
 B - a scroll of teleportation {unknown}
 C - a scroll of vulnerability {unknown}
Potions
 b - 2 potions of magic
 d - a potion of lignification
 i - a potion of might
 k - a potion of attraction {unknown}
 o - a potion of degeneration
 p - 3 potions of mutation {unknown}
 s - a potion of heal wounds {unknown}
 t - 2 potions of enlightenment {unknown}
 z - a potion of cancellation {unknown}


   Skills:
 + Level 2.0 Fighting
 + Level 4.1 Dodging
 - Level 4.0 Stealth
 - Level 4.0 Spellcasting
 - Level 3.0 Conjurations
 + Level 1.9 Air Magic
 + Level 4.4 Alchemy


You had 7 spell levels left.
You knew the following spells:

 Your Spells              Type           Power      Damage    Failure   Level
a - Sting                 Conj/Alch      96%        1d9       1%          1
b - Mercury Vapours       Alch/Air       42%        N/A       3%          2
c - Mephitic Cloud        Conj/Alch/Air  21%        N/A       7%          3

Your spell library contained the following spells:

 Spells                   Type           Power      Damage    Failure   Level
 Necrotise                Necr           20%        1d5       9%          1
 Olgreb's Toxic Radiance  Alch           28%        N/A       14%         4
 Vampiric Draining        Necr           5%         2d6       26%         3
 Sticky Flame             Fire/Alch      16%        2d5       34%         4
 Martyr's Knell           Necr/Summ      5%         N/A       63%         4
 Curse of Agony           Necr           5%         N/A       93%         5
 Malign Gateway           Summ/Tloc      2%         N/A       100%        7
 Summon Horrible Things   Summ           2%         N/A       100%        8


Dungeon Overview and Level Annotations

Branches:
Dungeon (5/15)
 Temple: D:4-7

Altars:
Elyvilon

Annotations:
D:4 1 exclusion


Message History

Casting: Sting (safe; 1% risk of failure)
Confirm with . or Enter, or press ? or * to list all spells.
Aiming: Sting (safe; 1% risk of failure)
Press: ? - help, Shift-Dir - straight line, f/p - iguana
Aim: an iguana (lightly wounded, poisoned, 79% to hit)
The sting misses the iguana.
An orc comes into view. It is wielding a +0 club.
The iguana bites you!
* * * LOW HITPOINT WARNING * * *
Casting: Sting (safe; 1% risk of failure)
Confirm with . or Enter, or press ? or * to list all spells.
Aiming: Sting (safe; 1% risk of failure)
Press: ? - help, Shift-Dir - straight line, f/p - iguana
Aim: an iguana (lightly wounded, poisoned, 79% to hit)
The sting hits the iguana.
The iguana looks even sicker.
The iguana is heavily wounded.
The orc shouts!
The iguana bites you.
* * * LOW HITPOINT WARNING * * *
Casting: Sting (safe; 1% risk of failure)
Confirm with . or Enter, or press ? or * to list all spells.
Aiming: Mercury Vapours (safe; 3% risk of failure)
Press: ? - help, Dir - move target, f - orc, p - iguana
Aim: an orc, wielding a +0 club (chance to weaken: 100%) Fumes of mercury billow around the orc!
The orc is poisoned.
The orc looks weaker.
The iguana bites you.
* * * LOW HITPOINT WARNING * * *
Unknown command.
You turn into a tree.
Your +0 pair of boots melds into your body.
Your +0 robe melds into your body.
Your roots penetrate the ground.
The iguana bites you but does no damage.
Unknown command.
Casting: Mercury Vapours (safe; 3% risk of failure)
Confirm with . or Enter, or press ? or * to list all spells.
You don't have enough magic to cast this spell.
You closely miss the iguana.
The iguana is heavily wounded.
The iguana bites you.
You die...

..# #.# ..# #.# ..# #.#
..# #.# ..# #.# #.# #.#
#### #>###### #.# .....
#......#####.######...#
###..........[..♣lo...#
#.##.#####..######..#
#.##.# ##.# # ###.##.#
#.# .....#.# #.#
###..#.######.####
#..............#
#.##.######.##.#
###.#### ######


You could see an iguana (very poisoned) and an orc (very poisoned, weak).

Vanquished Creatures
  A bombardier beetle (D:5)
  2 hounds (D:5)
  Jessica (D:3)
  3 orc wizards (D:5)
  An iguana (D:5)
  8 adders
  2 ufetubi (D:5)
  2 ribbon worms
  3 dart slugs
  7 orcs
  9 bats
  2 endoplasms (D:2)
  2 giant cockroaches
  2 goblins (D:1)
  4 hobgoblins
  3 jackals (D:4)
  8 kobolds
  3 quokkas
  13 ball pythons
  2 frilled lizards (D:1)
  5 rats
83 creatures vanquished.

Notes
Turn   | Place    | Note
-------+----------+-------------------------------------------
     0 | D:1      | sking99 the Deep Elf Alchemist began the quest for the Orb.
     0 | D:1      | Reached XP level 1. HP: 10/10 MP: 6/6
   417 | D:1      | Reached XP level 2. HP: 11/15 MP: 4/8
   743 | D:1      | Found a faded altar of an unknown god.
   995 | D:2      | Learned a level 2 spell: Mercury Vapours
  1058 | D:2      | Reached XP level 3. HP: 20/20 MP: 5/9
  2035 | D:2      | Learned a level 3 spell: Mephitic Cloud
  2067 | D:2      | Reached XP level 4. HP: 24/24 MP: 4/11
  2159 | D:2      | Reached skill level 1 in Fighting
  2958 | D:3      | Noticed Jessica
  2963 | D:3      | Killed Jessica
  3827 | D:4      | Identified the ring "Obigh" {rF+ rN+ Int+6 Slay+5}
  4092 | D:4      | Reached XP level 5. HP: 29/29 MP: 9/13
  4153 | D:4      | Found a white marble altar of Elyvilon.
  4738 | D:4      | Noticed a phantom
  4754 | D:5      | Entered Level 5 of the Dungeon
  4783 | D:5      | Reached skill level 1 in Air Magic
  5045 | D:5      | Reached XP level 6. HP: 34/34 MP: 8/14
  5589 | D:5      | Slain by an iguana

Illustrated notes

Levels and vault maps discovered:
D:1:      amcnicky_arrival_double_pillar, layout_basic,
          hellmonk_ecumenical_altar_blasted, minmay_tromino_v2
D:2:      layout_loops_corners
D:3:      layout_basic, uniq_jessica
D:4:      layout_cave_pods, mainiacjoe_overflow_paths
D:5:      layout_loops_ring, grunt_temple_overflow_open, uniq_crazy_yiuf_cottage

Skill      XL: |  1  2  3  4  5  6 |
---------------+-------------------+-----
Stealth        | 3 4 |  4.0
Dodging        | 3 4 |  4.1
Fighting       | 1 2 |  2.0
Conjurations   | 2 3 |  3.0
Spellcasting   | 4 |  4.0
Air Magic      | 1 |  1.9
Alchemy        | 4 |  4.4

Action                     |  1- 3 |  4- 6 || total
---------------------------+-------+-------++-------
  Melee: Whip              |     1 |     4 ||     5
   Cast: Sting             |    66 |   102 ||   168
         Mercury Vapours   |    15 |    25 ||    40
    Use: Scroll            |       |     8 ||     8
         Potion            |       |     1 ||     1
 Armour: Robe              |    13 |    39 ||    52
         Skin              |       |     2 ||     2
  Dodge: Dodged            |    25 |    43 ||    68
